 Dungeon Crawl Stone Soup version 0.29-a0-275-g389c0b56f3 (webtiles) character file.

Game seed: 16106709610631271763

598 jt the Bolt Thrower (level 7, -5/45 HPs)
             Began as a Kobold Arcane Marksman on Mar 9, 2022.
             Was an Initiate of Hepliaklqana.
             Slain by an ogre
             ... wielding a +0 giant club
              (20 damage)
             ... on level 4 of the Dungeon.
             The game lasted 00:07:15 (4910 turns).

jt the Bolt Thrower (Kobold Arcane Marksman)        Turns: 4910, Time: 00:07:15

Health: -5/45      AC:  4    Str:  8    XL:     7   Next: 68%
Magic:  9/9        EV: 15    Int: 14    God:    Hepliaklqana [......]
Gold:   190        SH:  0    Dex: 20    Spells: 8/9 levels left

rFire   . . .      SeeInvis +   a - +0 hand crossbow
rCold   + . .      Faith    .   (no shield)
rNeg    . . .      Spirit   .   b - +0 robe
rPois   .          Reflect  .   (no helmet)
rElec   .          Harm     .   (no cloak)
rCorr   .          Rampage  .   (no gloves)
Will    +....                   (no boots)
Stlth   +++.......              (no amulet)
HPRegen 0.15/turn               k - ring "Fomupheu" {rC+ Will+ Dex+3 SInv}
MPRegen 0.11/turn               (no ring)

@: no status effects
A: small, no large weapons, nightstalker 3, iridescent scales 1
a: Renounce Religion


You were on level 4 of the Dungeon.
You worshipped Hepliaklqana.
Hepliaklqana was noncommittal.
You visited 2 branches of the dungeon, and saw 5 of its levels.

You collected 190 gold pieces.

Inventory:

Hand Weapons
 a - a +0 hand crossbow (weapon)
 h - a +0 spear
 q - a +0 hunting sling of flaming
 s - a +2 spear of freezing
Missiles
 i - 17 stones
Armour
 b - a +0 robe (worn)
 j - a +0 leather armour of fire resistance
 t - a +0 ring mail of cold resistance
Jewellery
 k - the ring "Fomupheu" (left hand) {rC+ Will+ Dex+3 SInv}
   (You found it on level 2 of the Dungeon)

   [ring of see invisible]

   Dex:       It affects your dexterity (+3).
   rC:        It protects you from cold.
   SInv:      It lets you see invisible.
   Will:      It increases your willpower.
Scrolls
 c - 2 scrolls of vulnerability
 d - a scroll of fear
 g - a scroll of immolation
 l - a scroll of enchant weapon
 m - a scroll of amnesia
 n - a scroll of identify
Potions
 e - a potion of ambrosia {unknown}
 f - 2 potions of lignification
 o - a potion of curing {unknown}
 p - a potion of mutation
 r - a potion of brilliance {unknown}


   Skills:
 + Level 5.7 Fighting
 + Level 7.3 Crossbows
 - Level 2.8 Dodging
 - Level 1.5 Spellcasting
 - Level 3.2 Hexes


You had 8 spell levels left.
You knew the following spells:

 Your Spells              Type           Power      Damage    Failure   Level
a - Slow                  Hex            40%        N/A       7%          1

Your spell library contained the following spells:

 Spells                   Type           Power      Damage    Failure   Level
 Inner Flame              Hex/Fire       5%         N/A       36%         3
 Portal Projectile        Hex/Tloc       10%        N/A       36%         3
 Cause Fear               Hex            5%         N/A       54%         4


Dungeon Overview and Level Annotations

Branches:
Dungeon (4/15)             Temple (1/1) D:4

Altars:
Ashenzari
Cheibriados
Dithmenos
Fedhas
Gozag
Hepliaklqana
Kikubaaqudgha
Makhleb
Okawaru
Qazlal
Ru
Uskayaw
Vehumet
Wu Jian
Xom
Yredelemnul
Zin
The Shining One


Innate Abilities, Weirdness & Mutations

You are small and have problems with some larger weapons.
You are completely attuned to the shadows.
You are partially covered in iridescent scales. (AC +2)


Message History

No target in view!
You now have 190 gold pieces (gained 20).
Found a stone staircase leading up.
No target in view!
There is a stone staircase leading up here.
A goblin comes into view. It is wielding a +0 club.
You shoot a bolt. The bolt hits the goblin.
You kill the goblin!
No target in view!
Found a mace.
No target in view!
Things that are here:
a +0 club; a goblin corpse An ogre comes into view.
It is wielding a +0 giant club.
You shoot a bolt. The bolt hits the ogre.
The ogre shouts!
The ogre is lightly wounded.
You shoot a bolt. The bolt hits the ogre!
The ogre is moderately wounded.
You shoot a bolt. The bolt hits the ogre.
The ogre is moderately wounded.
The ogre barely misses you.
You shoot a bolt. The bolt hits the ogre.
The ogre is heavily wounded.
The ogre barely misses you.
You shoot a bolt. The bolt hits the ogre!
The ogre is severely wounded.
You shoot a bolt. The bolt hits the ogre.
The ogre is almost dead.
The ogre hits you with a +0 giant club!!
Ouch! That really hurt!
You are too injured to fight recklessly!
Shoot: a) +0 hand crossbow
Press: ? - help, Q - select action, (/) - cycle Shift-Dir - straight line, f/p - ogre
Aim: an ogre, wielding a +0 giant club (almost dead, 80% to hit)
You shoot a bolt.
The bolt hits the ogre but does no damage.
The ogre is almost dead.
The ogre hits you with a +0 giant club!!
You die...

#.# #.# #.#
# #.# #.#
#.#.## #.#
#..... #.#
# ###.##
.###O##.#
#.#.
$...@....
#†..
####.##.#
#...
##.##.#
#.†.
#.....#
#...
###.....##
###.
#).).....##
######.
#..........
.......
#........#
###.#.
###.....#
#.#.


You could see an ogre.

Vanquished Creatures
  Sigmund (D:3)
  An ogre (D:4)
  A gnoll sergeant (D:4)
  Jessica (D:3)
  Natasha (thrice) (D:2)
  2 iguanas (D:4)
  3 gnolls (D:4)
  3 adders (D:2)
  A dart slug (D:2)
  5 orcs
  6 bats
  6 endoplasms
  7 giant cockroaches
  9 goblins
  9 hobgoblins
  2 jackals (D:1)
  9 kobolds
  A quokka (D:3)
  8 ball pythons
  A frilled lizard (D:2)
  7 rats
86 creatures vanquished.

Notes
Turn   | Place    | Note
-------+----------+-------------------------------------------
     0 | D:1      | jt the Kobold Arcane Marksman began the quest for the Orb.
     0 | D:1      | Reached XP level 1. HP: 12/12 MP: 2/2
   310 | D:1      | Reached XP level 2. HP: 3/16 MP: 1/3
   709 | D:1      | Reached skill level 3 in Crossbows
   758 | D:1      | Reached XP level 3. HP: 20/20 MP: 5/5
  1437 | D:2      | Noticed Natasha
  1446 | D:2      | Killed Natasha
  1447 | D:2      | Reached skill level 4 in Crossbows
  1447 | D:2      | Reached XP level 4. HP: 10/27 MP: 4/6
  1680 | D:2      | Noticed Natasha
  1687 | D:2      | Killed Natasha
  2033 | D:2      | Found a faded altar of an unknown god.
  2033 | D:2      | Noticed Natasha
  2040 | D:2      | Killed Natasha
  2041 | D:2      | Reached XP level 5. HP: 30/32 MP: 7/7
  2060 | D:2      | Identified the ring "Fomupheu" {rC+ Will+ Dex+3 SInv}
  2718 | D:2      | Reached skill level 5 in Crossbows
  3113 | D:3      | Noticed Sigmund
  3122 | D:3      | Killed Sigmund
  3123 | D:3      | Reached skill level 6 in Crossbows
  3123 | D:3      | Reached XP level 6. HP: 36/39 MP: 6/8
  3206 | D:3      | Noticed Jessica
  3210 | D:3      | Killed Jessica
  3399 | D:3      | Reached XP level 7. HP: 44/44 MP: 9/9
  3694 | D:4      | Reached skill level 5 in Fighting
  3734 | D:4      | Found a staircase to the Ecumenical Temple.
  3746 | Temple   | Entered the Ecumenical Temple
  4046 | Temple   | Became a worshipper of Hepliaklqana the Forgotten
  4188 | D:4      | Gained mutation: You are partially covered in iridescent
                  | scales. (AC +2) [potion of mutation]
  4203 | D:4      | Reached skill level 7 in Crossbows
  4910 | D:4      | Slain by an ogre

Illustrated notes

Levels and vault maps discovered:
D:1:      minmay_arrival_loop, layout_basic, minmay_box_of_dots
D:2:      layout_loops_corners, basic_ecumenical_altar, uniq_natasha
D:3:      layout_basic, uniq_sigmund, uniq_jessica
D:4:      layout_loops_ring, minmay_temple_entry_grid
Temple:   dpeg_five_rooms_temple

Skill      XL: |  1  2  3  4  5  6  7 |
---------------+----------------------+-----
Crossbows      | 3 4 6 7 |  7.3
Fighting       | 2 3 4 5 |  5.7
Dodging        | |  2.8
Spellcasting   | |  1.5
Hexes          | |  3.2

Action                   |  1- 3 |  4- 6 |  7- 9 || total
-------------------------+-------+-------+-------++-------
 Fire: Hand crossbow     |    74 |    96 |    89 ||   259
 Cast: Slow              |     2 |       |     5 ||     7
  Use: Scroll            |     3 |     3 |     1 ||     7
       Potion            |       |       |     1 ||     1
Armor: Robe              |     4 |    10 |     7 ||    21
Dodge: Dodged            |    12 |    40 |    32 ||    84

Table legend: (Time is in decaauts)
 A = Elapsed time spent in this place.
 B = Non-inter-level travel time spent in this place.
 C = Inter-level travel time spent in this place.
 D = Time resting spent in this place.
 E = Time spent auto-exploring this place.
 F = Levels seen in this place.
 G = Mean time per level.
                   A        B        C        D        E       F      G
               +--------+--------+--------+--------+--------+-----+--------+
         Total |   4971 |   4763 |    208 |   1426 |   2674 |   5 |  994.2 |
       Dungeon |   4618 |   4516 |    102 |   1426 |   2445 |   4 | 1154.5 |
        Temple |    352 |    246 |    106 |      0 |    229 |   1 |  352.0 |
               +--------+--------+--------+--------+--------+-----+--------+

Top non-repeatable levels by time:
     D:2: 1722 daAuts
     D:1: 1409 daAuts
     D:4: 907 daAuts
     D:3: 579 daAuts
  Temple: 352 daAuts
